Map: Dusk Towers

Players

LilDicky

  • Race: Terran Terran
  • League: Diamond

Asunder - Winner!

  • Race: Zerg Zerg
  • League: Diamond

VOD

http://www.twitch.tv/tumescentpie

Description

Time

  • Played on: Dec. 31, 2015, 6:58 p.m.
  • Length: 9:28
Show
View Real Time Build Order
Export as new Build Order

LilDicky Terran 

Build Orders: Command Center First (CC), Mech 

Get SALT Encoding   

  12  0:02  SCV  
  13  0:20  SCV  
  13  0:21  Supply Depot  
  14  0:32  SCV  
  15  0:44  SCV  
  16  0:56  SCV  
  17  1:02  Command Center  
  17  1:11  SCV  
  18  1:15  Barracks  
  18  1:24  SCV  
  19  1:28  Refinery  
  19  1:36  SCV  
  20  1:48  SCV  
  20  1:51  Supply Depot  
  22  2:04  Orbital Command  
  22  2:07  Marine  
  22  2:15  Refinery  
  22  2:17  Orbital Command  
  22  2:21  Refinery  
  22  2:28  Marine  
  23  2:33  Factory  
  23  2:36  SCV  
  24  2:42  SCV  
  25  2:46  Marine  
  25  2:49  SCV  
  27  2:55  SCV  
  28  3:01  SCV  
  29  3:07  SCV  
  29  3:09  Barracks Reactor  
  30  3:13  SCV  
  30  3:19  SCV  
  32  3:21  Hellion  
  32  3:23  Starport  
  32  3:25  Armory, SCV  
  35  3:31  SCV  
  36  3:37  SCV  
  37  3:43  SCV  
  38  3:50  SCV, Hellion x2  
  38  3:53  Barracks Tech Lab  
  38  3:55  SCV  
  44  4:07  SCV  
  44  4:08  SCV  
  46  4:10  Fusion Core  
  46  4:19  Supply Depot, Cloaking Field  
  46  4:24  Supply Depot  
  46  4:40  Banshee  
  46  4:41  SCV, Hellion x2  
  46  4:44  Factory  
  46  4:45  Supply Depot, Factory  
  54  4:46  SCV  
  55  4:52  Supply Depot  
  55  4:53  SCV  
  56  5:02  Hellion x2  
  58  5:22  Liberator  
  58  5:33  Hellion x2  
  62  5:38  Advanced Ballistics  
  65  5:47  Supply Depot, Factory Reactor, Factory Tech Lab  
  65  5:49  Supply Depot  
  65  5:54  Command Center, SCV x2, Refinery  
  67  6:00  Refinery  
  67  6:06  SCV x2, Refinery  
  67  6:08  Hellion x2  
  73  6:19  Siege Tank  
  73  6:22  Supply Depot  
  73  6:24  SCV x2, Starport, Liberator  
  78  6:25  Supply Depot  
  73  7:24  Battlecruiser  
  58  7:46  Thor  
  58  7:47  Widow Mine x2  
  58  7:48  Engineering Bay, Widow Mine  
  67  7:51  Starport Reactor  
  67  7:57  Orbital Command  
  67  8:02  SCV x2  
  69  8:14  SCV  
  69  8:15  Command Center  
  69  8:16  Missile Turret  
  68  8:38  SCV x2  
  62  8:53  Hellion x4  
Show
View Real Time Build Order
Export as new Build Order

Asunder Zerg - Winner!

Build Orders: Hatch First 

Get SALT Encoding   

  12  0:01  Drone  
  13  0:13  Overlord  
  13  0:24  Drone  
  13  0:26  Extractor  
  13  0:28  Extractor  
  13  0:29  Drone x2  
  16  0:38  Drone  
  17  0:58  Hatchery  
  17  1:01  Drone  
  17  1:14  Spawning Pool  
  17  1:17  Extractor  
  15  1:20  Drone  
  15  1:22  Drone  
  17  1:28  Drone  
  19  1:40  Drone  
  20  1:50  Hatchery  
  19  1:57  Drone x2  
  21  2:09  Queen  
  23  2:16  Queen  
  23  2:19  Drone  
  26  2:24  Overlord  
  26  2:27  Drone  
  27  2:37  Drone  
  28  2:40  Extractor  
  28  2:43  Drone x3  
  30  2:52  Drone  
  30  2:53  Drone, Extractor  
  30  2:57  Zergling x2  
  32  3:02  Drone  
  33  3:05  Drone  
  33  3:07  Queen  
  33  3:09  Drone  
  33  3:12  Drone  
  38  3:16  Queen  
  38  3:17  Roach Warren  
  38  3:19  Drone  
  40  3:26  Drone x2  
  42  3:33  Spore Crawler  
  41  3:36  Spore Crawler  
  41  3:38  Overlord  
  40  3:41  Overlord  
  40  3:48  Spore Crawler  
  39  4:11  Lair  
  39  4:17  Roach  
  39  4:18  Roach x7  
  39  4:24  Drone x2  
  57  4:25  Extractor  
  57  4:27  Extractor  
  57  4:30  Drone x2  
  56  4:51  Overlord x4  
  56  5:12  Drone x11  
  67  5:21  Drone x3  
  70  5:34  Spire  
  69  5:41  Extractor  
  69  5:42  Extractor  
  67  5:59  Roach x8  
  67  6:00  Hydralisk Den  
  82  6:21  Drone x8  
  90  6:34  Muscular Augments  
  88  6:47  Mutalisk  
  88  6:49  Overlord  
  88  6:50  Overlord  
  90  6:56  Overlord x2  
  90  7:00  Overseer  
  88  7:09  Mutalisk x4  
  88  7:10  Mutalisk x5  
  98  7:29  Mutalisk x2  
  96  7:34  Queen x3  
  102  7:47  Drone x6  
  102  7:48  Drone x12  
  120  8:00  Infestation Pit  
  120  8:04  Evolution Chamber, Glial Reconstitution  
  118  8:06  Drone x4  
  118  8:07  Evolution Chamber  
  109  8:57  Mutalisk x7  
  109  9:02  Hatchery  
  120  9:04  Overlord x3  
  120  9:05  Overlord x5  
  120  9:25  Hatchery  
Tags
 
Add a new tag
Caveats
  • Supply blocks, unpowered buildings, or Contaminate may cause inaccurate times.
  • Supply counts are checked every 10 seconds.